 Dungeon Crawl Stone Soup version 0.23-a0-512-g50a8178 (webtiles) character file.

68516 RoseArtemis the Brawler (level 14, -3/143 HPs)
             Began as a Troll Monk on Dec 4, 2018.
             Was the Champion of the Shining One.
             Slain by a soul eater (7 damage)
             ... summoned by an orc high priest
             ... while paralysed by an orc sorcerer
             ... on level 2 of the Orcish Mines.
             The game lasted 00:47:25 (21092 turns).

RoseArtemis the Brawler (Troll Monk)               Turns: 21092, Time: 00:47:26

Health: -3/143     AC: 12    Str: 22    XL:     14   Next: 86%
Magic:  16/16      EV:  1    Int:  6    God:    the Shining One [******]
Gold:   2090       SH:  0    Dex: 16    Spells: 13/13 levels left

rFire    + . .     SeeInvis .     - Unarmed
rCold    . . .     Gourm    +   W - +1 shield {rF+}
rNeg     + + +     Faith    .   s - +2 robe {MR+}
rPois    .         Spirit   .   (helmet restricted)
rElec    .         Reflect  .   a - +2 cloak
rCorr    .         Harm     .   (gloves unavailable)
MR       ++...                  (boots unavailable)
Stlth    +.........             V - amulet "Zubbaz" {Gourm Slay+4 Stlth+}
HPRegen  0.73/turn              C - +2 ring of protection
MPRegen  0.15/turn              g - +5 ring of evasion

@: paralysed, glowing, studying Long Blades
A: large, unfitting armour, claws 3, fast metabolism 3, gourmand, regeneration
1, shaggy fur 1, tough skin 2
a: Divine Shield, Cleansing Flame, Summon Divine Warrior, Brand Weapon With Holy
Wrath, Renounce Religion


You were on level 2 of the Orcish Mines.
You worshipped the Shining One.
The Shining One was exalted by your worship.
You were very full.

You visited 4 branches of the dungeon, and saw 21 of its levels.

You collected 3327 gold pieces.
You spent 1237 gold pieces at shops.

Inventory:

Hand Weapons
 b - a +7 morningstar
Missiles
 n - 32 large rocks (quivered)
Armour
 a - a +2 cloak (worn)
 s - a +2 robe of magic resistance (worn)
 W - a +1 shield of fire resistance (worn)
Jewellery
 e - an uncursed ring of protection from fire
 g - a +5 ring of evasion (right claw)
 p - an uncursed amulet of the acrobat
 C - a +2 ring of protection (left claw)
 E - an uncursed ring of positive energy
 G - an uncursed ring of protection from magic
 H - an uncursed ring of resist corrosion
 J - an uncursed ring of protection from magic
 O - a +5 ring of dexterity
 T - an uncursed ring of poison resistance
 U - a +3 amulet of reflection
 V - the amulet "Zubbaz" (around neck) {Gourm Slay+4 Stlth+}
   (You bought it in a shop on level 1 of the Orcish Mines)

   [amulet of the gourmand]

   It allows you to eat raw meat even when not hungry.
   It affects your accuracy and damage with ranged weapons and melee attacks
   (+4).
   It makes you more stealthy.
Wands
 q - a wand of acid (51)
 u - a wand of paralysis (22)
 y - a wand of enslavement (15)
 M - a wand of polymorph (6)
 P - a wand of iceblast (9)
Scrolls
 i - 2 scrolls of fog
 k - 14 scrolls of remove curse
 m - 9 scrolls of teleportation
 o - 4 scrolls of blinking
 x - 4 scrolls of magic mapping
 A - a scroll of acquirement {unknown}
 D - 3 scrolls of enchant armour
 F - a scroll of holy word {unknown}
 N - a scroll of vulnerability {unknown}
Potions
 d - 2 potions of agility {unknown}
 f - 3 potions of brilliance
 h - a potion of berserk rage
 j - 2 potions of lignification
 l - 13 potions of curing
 r - 3 potions of haste
 t - a potion of resistance {unknown}
 v - 2 potions of magic {unknown}
 w - a potion of cancellation
 z - 3 potions of ambrosia
 B - 2 potions of invisibility {unknown}
 I - 2 potions of flight {unknown}
 K - a potion of might
 L - 2 potions of mutation {unknown}
 R - a potion of heal wounds
Books
 Q - a manual of Long Blades
Comestibles
 c - 47 rations


   Skills:
 + Level 10.0 Fighting
 + Level 10.8 Maces & Flails
 - Level 4.0 Throwing
 - Level 5.0 Armour
 - Level 10.0 Dodging
 - Level 1.0 Stealth
 + Level 15.1 Unarmed Combat
 * Level 5.2 Invocations


You had 13 spell levels left.
You didn't know any spells.
Your spell library contained the following spells:

 Spells                   Type           Power        Failure   Level  Hunger
 Magic Dart               Conj           #...         98%         1    ##.....
 Shock                    Conj/Air       #...         98%         1    ##.....
 Blink                    Tloc           N/A          99%         2    ###....
 Call Imp                 Summ           #.......     99%         2    ###....
 Slow                     Hex            #.......     99%         2    ###....
 Swiftness                Chrm/Air       #.......     99%         2    ###....
 Conjure Flame            Conj/Fire      #.......     100%        3    ####...
 Mephitic Cloud           Conj/Pois/Air  #.......     100%        3    ####...
 Regeneration             Chrm/Necr      #.........   100%        3    ####...
 Spectral Weapon          Hex/Chrm       #.......     100%        3    ####...
 Spider Form              Tmut/Pois      #.........   100%        3    ####...
 Static Discharge         Conj/Air       #.......     100%        3    ####...
 Airstrike                Air            #.........   100%        4    #####..
 Olgreb's Toxic Radiance  Pois           #.......     100%        4    #####..
 Alistair's Intoxication  Tmut/Pois      #.......     100%        5    ######.
 Bolt of Magma            Conj/Fire/Erth #.........   100%        5    ######.
 Iskenderun's Battlesphe  Conj/Chrm      #.......     100%        5    ######.
 Lightning Bolt           Conj/Air       #.........   100%        5    ######.
 Venom Bolt               Conj/Pois      #.........   100%        5    ######.
 Iron Shot                Conj/Erth      #.........   100%        6    #######
 Orb of Destruction       Conj           #.........   100%        7    #######
 Spellforged Servitor     Conj/Summ      #.........   100%        7    #######


Dungeon Overview and Level Annotations

Branches:
Dungeon (12/15)            Temple (1/1) D:7            Lair (6/6) D:9
  Swamp (0/4) Lair:3       Spider (0/4) Lair:2        Slime (0/5) Lair:5
    Orc (2/2) D:11            Elf (0/3) Orc:2

Altars:
Ashenzari
Cheibriados
Dithmenos
Elyvilon
Fedhas
Gozag
Hepliaklqana
Kikubaaqudgha
Makhleb
Nemelex Xobeh
Okawaru
Qazlal
Ru
Sif Muna
Trog
Uskayaw
Vehumet
Wu Jian
Xom
Yredelemnul
Zin
The Shining One
Jiyva

Shops:
D:6 =   Orc:1 =

Annotations:
Lair:3 3 runed doors, Loge's ghost, journeyman KoHu
Lair:5 1 runed door
Orc:1 exclusion: downstairs
Orc:2 Saint Roka


Innate Abilities, Weirdness & Mutations

You are too large for most types of armour.
You have claws for hands.
Your metabolism is lightning-fast.
You like to eat raw meat.
Your natural rate of healing is unusually fast.
You are covered in fur. (AC +1)
You have very tough skin. (AC +2)


Message History

The orc wizard gestures wildly while chanting.
The orc wizard blinks!
The orc sorcerer hits you with a +0 dagger.
* * * LOW HITPOINT WARNING * * *
The orc high priest hits you but does no damage.
The orc hits you with a +0 short sword.
* * * LOW HITPOINT WARNING * * *
The soul eater hits you!!
* * * LOW HITPOINT WARNING * * *
The orc knight hits you with a +0 broad axe!!
* * * LOW HITPOINT WARNING * * *
A warg comes into view.
Saint Roka mumbles some strange prayers to Beogh against you.
Beogh smites you!
* * * LOW HITPOINT WARNING * * *
The orc sorcerer hits you but does no damage.
The orc high priest hits you with a +0 dire flail.
* * * LOW HITPOINT WARNING * * *
The orc completely misses you. The soul eater hits you!
You die...

######.#..#.#.###...##..#..#
##.#.........................
#####............................
#.##.......................).....
....#.....................<.).[..
............................)...)
.#..................#............
###.............3o...............
###...........4@oo..............
##.....>.......[oo...............
#................#.#.............
#........#.##.#.##(ยง.............
....#............()..............
#.###....#......#..(.[...........
####...###.#..#.##..............#
##...#...##.....).[h.#........
#.......#......#))..)...#....


You could see Saint Roka, an orc knight, a soul eater, an orc high priest, a
chaos spawn, a warg (wandering), an orc sorcerer and an orc.

Vanquished Creatures
  Josephine (D:11)
  4 hydras
  3 catoblepae (Lair:6)
  Erica (D:10)
  3 two-headed ogres
  An ogre mage (D:12)
  4 death yaks (Lair:6)
  Nergalle (D:10)
  2 unseen horrors
  3 orc knights (Orc:2)
  Pikel (D:5)
  5 ugly things
  5 manticores
  2 orc sorcerers (Orc:2)
  2 deep elf magi (D:12)
  7 cyclopes
  6 black mambas
  14 spiny frogs
  2 gargoyles
  A kobold demonologist (D:12)
  A yaktaur (D:12)
  A komodo dragon (Lair:4)
  3 meliai (D:12)
  7 trolls
  A polar bear (Lair:3)
  A hornet (D:11)
  A queen bee (D:12)
  15 blink frogs
  6 dream sheep (Lair:6)
  A shadow (D:11)
  13 hippogriffs
  A vampire (D:11)
  A centaur simulacrum (D:12)
  2 spriggans (Lair:1)
  4 wyverns
  48 yaks
  6 wraiths
  4 redbacks (Lair:2)
  Eustachio (D:5)
  A steam dragon (D:10)
  4 basilisks
  3 hungry ghosts
  6 vampire mosquitoes
  Menkaure (D:5)
  2 wargs
  2 soldier ants
  Duvessa (D:5)
  An acid dragon (D:12)
  12 water moccasins
  10 porcupines
  22 orc warriors
  2 slaves (D:5)
  4 black bears (D:12)
  3 phantoms
  3 sky beasts
  10 ice beasts
  18 wolves
  A necrophage (D:12)
  3 centaurs
  8 ogres
  12 crocodiles
  5 big kobolds
  Blork the orc (D:4)
  13 bullfrogs
  Dowan (D:5)
  5 scorpions
  40 killer bees
  8 wights
  4 electric eels
  9 howler monkeys
  8 crimson imps
  A centaur zombie (D:7)
  4 jellies
  A quasit (D:9)
  4 bullfrog zombies
  16 orc priests
  2 bullfrog skeletons
  7 hounds
  Crazy Yiuf (D:4)
  3 centaur skeletons
  Jessica (D:3)
  Terence (D:3)
  Natasha (thrice) (D:2)
  7 iguanas
  11 worker ants
  16 orc wizards
  A killer bee zombie (D:7)
  2 hound zombies
  A hound skeleton (D:5)
  A worker ant zombie (D:11)
  7 gnolls
  8 adders
  A shadow imp (D:10)
  4 worms
  2 dart slugs (D:1)
  6 leopard geckos
  73 orcs
  7 giant cockroaches
  7 goblins
  A hobgoblin (D:2)
  14 jackals
  20 kobolds
  5 quokkas
  7 bats
  4 frilled lizards
  A quokka skeleton (D:6)
  4 rats
  A plant (Lair:1)
663 creatures vanquished.

Vanquished Creatures (collateral kills)
  An orc warlord (Orc:2)
  3 orc warriors (Orc:2)
  2 orc wizards (Orc:2)
  4 orcs (Orc:2)
10 creatures vanquished.

Vanquished Creatures (others)
  A slave (D:5)
  4 orcs
  3 fungi
  24 plants
32 creatures vanquished.

Grand Total: 705 creatures vanquished

Notes
Turn   | Place    | Note
-------+----------+-------------------------------------------
     0 | D:1      | RoseArtemis the Troll Monk began the quest for the Orb.
     0 | D:1      | Reached XP level 1. HP: 22/22 MP: 0/0
   109 | D:1      | Reached XP level 2. HP: 29/29 MP: 1/1
   649 | D:2      | Reached XP level 3. HP: 15/36 MP: 2/2
   928 | D:2      | Noticed Natasha
   935 | D:2      | Killed Natasha
   935 | D:2      | Reached skill level 1 in Armour
   935 | D:2      | Reached XP level 4. HP: 41/44 MP: 3/3
   987 | D:2      | Found a radiant altar of Vehumet.
   987 | D:2      | Found a shadowy altar of Dithmenos.
  1178 | D:2      | Noticed Natasha
  1189 | D:2      | Killed Natasha
  1189 | D:2      | Reached skill level 4 in Unarmed Combat
  1451 | D:2      | Noticed Natasha
  1457 | D:2      | Killed Natasha
  1549 | D:2      | Found a radiant altar of Vehumet.
  1549 | D:2      | Found a shadowy altar of Dithmenos.
  1782 | D:3      | Reached XP level 5. HP: 53/53 MP: 4/4
  1806 | D:3      | Noticed Terence
  1815 | D:3      | Killed Terence
  2339 | D:3      | Noticed Jessica
  2341 | D:3      | Killed Jessica
  2341 | D:3      | Reached XP level 6. HP: 61/61 MP: 5/5
  2574 | D:4      | Noticed Blork the orc
  2582 | D:4      | Killed Blork the orc
  2582 | D:4      | Reached skill level 5 in Unarmed Combat
  2835 | D:4      | Reached XP level 7. HP: 55/68 MP: 6/6
  3178 | D:4      | Found a runed door.
  3288 | D:4      | Noticed Crazy Yiuf
  3294 | D:4      | Killed Crazy Yiuf
  3363 | D:5      | Entered Level 5 of the Dungeon
  3363 | D:5      | Noticed Menkaure
  3366 | D:5      | Killed Menkaure
  3373 | D:5      | Reached skill level 1 in Maces & Flails
  3471 | D:5      | Reached skill level 6 in Unarmed Combat
  3491 | D:5      | Noticed Pikel
  3529 | D:5      | Killed Pikel
  3529 | D:5      | Reached XP level 8. HP: 46/79 MP: 7/7
  3581 | D:5      | Found a shimmering altar of Xom.
  3595 | D:5      | Noticed Duvessa
  3605 | D:5      | Killed Duvessa
  3605 | D:5      | Reached skill level 7 in Unarmed Combat
  3609 | D:5      | Found an ancient bone altar of Kikubaaqudgha.
  3609 | D:5      | Noticed Dowan
  3622 | D:5      | Killed Dowan
  3982 | D:5      | Noticed Eustachio
  4012 | D:5      | Killed Eustachio
  4484 | D:6      | Reached XP level 9. HP: 87/87 MP: 8/8
  4604 | D:6      | You fall through a shaft for 3 floors!
  4757 | D:8      | Reached skill level 5 in Fighting
  4757 | D:8      | Reached skill level 5 in Dodging
  4757 | D:8      | Reached skill level 8 in Unarmed Combat
  5582 | D:7      | Reached skill level 9 in Unarmed Combat
  5853 | D:6      | Found Jackouge's Jewellery Boutique.
  5856 | D:6      | Bought a +2 ring of protection for 130 gold pieces
  6297 | D:6      | Reached XP level 10. HP: 97/97 MP: 9/9
  6943 | D:7      | Found a staircase to the Ecumenical Temple.
  6951 | D:7      | Identified Giucoren's Collected Works on Assistive Toxins
  6961 | Temple   | Entered the Ecumenical Temple
  7059 | Temple   | Became a worshipper of the Shining One
  7059 | Temple   | Reached * piety under the Shining One
  7059 | Temple   | Reached ** piety under the Shining One
  7414 | D:9      | Reached skill level 5 in Armour
  7424 | D:9      | Noticed a two-headed ogre
  7430 | D:9      | Killed a two-headed ogre
  7430 | D:9      | Reached skill level 1 in Invocations
  7437 | D:9      | Reached skill level 5 in Maces & Flails
  7924 | D:9      | Found a staircase to the Lair.
  8181 | D:10     | Entered Level 10 of the Dungeon
  8206 | D:10     | Reached skill level 10 in Unarmed Combat
  8254 | D:10     | Noticed Erica
  8260 | D:10     | Killed Erica
  8531 | D:10     | Noticed an unseen horror
  8565 | D:10     | Killed an unseen horror
  8565 | D:10     | Reached XP level 11. HP: 60/107 MP: 12/12
  8674 | D:10     | Noticed Nergalle
  8734 | D:10     | Killed Nergalle
  8800 | D:10     | Identified the +2 scale mail "Juraleke" {MR+ Str+8 Stlth+}
  8800 | D:10     | Noticed a two-headed ogre
  8812 | D:10     | Killed a two-headed ogre
  9133 | Lair:1   | Entered Level 1 of the Lair of Beasts
  9145 | Lair:1   | Reached skill level 11 in Unarmed Combat
  9312 | Lair:1   | Found a shadowy altar of Dithmenos.
  9325 | Lair:1   | Reached *** piety under the Shining One
 10076 | Lair:1   | Reached XP level 12. HP: 100/118 MP: 14/14
 10500 | Lair:2   | You fall through a shaft for 2 floors!
 10538 | Lair:4   | Reached skill level 12 in Unarmed Combat
 10605 | Lair:4   | Reached skill level 5 in Invocations
 11637 | Lair:3   | Found a staircase to the Swamp.
 12073 | Lair:3   | Found a runed gate.
 12073 | Lair:3   | Found a runed gate.
 12073 | Lair:3   | Found a runed gate.
 12082 | Lair:3   | Found a viscous altar of Jiyva.
 12082 | Lair:3   | Noticed Loge's ghost (journeyman KoHu)
 12305 | Lair:2   | Found a hole to the Spider Nest.
 12306 | Lair:2   | Reached **** piety under the Shining One
 13030 | Lair:2   | Noticed a five-headed hydra
 13040 | Lair:2   | Killed a five-headed hydra
 13628 | Lair:5   | Reached skill level 13 in Unarmed Combat
 13662 | Lair:5   | Noticed a five-headed hydra
 13674 | Lair:5   | Killed a five-headed hydra
 13824 | Lair:5   | Noticed a four-headed hydra
 13834 | Lair:5   | Killed a four-headed hydra
 14066 | Lair:5   | Found a runed door.
 14071 | Lair:5   | Found a viscous altar of Jiyva.
 14143 | Lair:4   | Reached XP level 13. HP: 61/128 MP: 15/15
 14482 | Lair:5   | Found a staircase to the Slime Pits.
 14482 | Lair:5   | Noticed an acid blob
 14703 | Lair:6   | Entered Level 6 of the Lair of Beasts
 15994 | Lair:6   | HP: 4/130 [catoblepas (20)]
 16948 | D:11     | Reached skill level 10 in Maces & Flails
 16987 | D:11     | Reached skill level 14 in Unarmed Combat
 17254 | D:11     | Reached ***** piety under the Shining One
 17309 | D:11     | Reached XP level 14. HP: 137/140 MP: 16/16
 17314 | D:11     | Reached skill level 1 in Throwing
 17464 | D:11     | Found a staircase to the Orcish Mines.
 19529 | Orc:1    | Entered Level 1 of the Orcish Mines
 19529 | Orc:1    | Noticed Josephine
 19529 | Orc:1    | Reached ****** piety under the Shining One
 19675 | D:11     | Killed Josephine
 19895 | Orc:2    | Entered Level 2 of the Orcish Mines
 19970 | Orc:1    | Found Itounire's Jewellery Boutique.
 20003 | Orc:1    | Bought an uncursed ring of poison resistance for 240 gold
                  | pieces
 20003 | Orc:1    | Bought a +3 amulet of reflection for 188 gold pieces
 20003 | Orc:1    | Bought the amulet "Zubbaz" {Gourm Slay+4 Stlth+} for 679
                  | gold pieces
 20305 | Orc:2    | Noticed an orc warlord
 20371 | Orc:2    | Reached skill level 15 in Unarmed Combat
 20552 | Orc:2    | Found a staircase to the Elven Halls.
 20667 | Orc:2    | Killed an orc warlord
 20667 | Orc:2    | Reached skill level 10 in Dodging
 20948 | Orc:2    | Reached skill level 10 in Fighting
 20959 | Orc:2    | Noticed Saint Roka
 21086 | Orc:2    | Paralysed by an orc sorcerer for 7 turns
 21092 | Orc:2    | HP: 7/143 [Saint Roka/divine providence (13)]
 21092 | Orc:2    | Slain by a soul eater

Vault maps used:
D:1:      nzn_arrival_depleted_hourglass
D:2:      gammafunk_temple_overflow_elements, uniq_natasha
D:3:      uniq_terence, uniq_jessica
D:4:      first_ration, uniq_crazy_yiuf_cottage, uniq_blork_the_orc
D:5:      minmay_razor_zed, lemuel_doored_altar, lemuel_round_altar,
          uniq_duvessa, uniq_menkaure, uniq_eustachio, uniq_pikel
D:6:      minmay_shop_enchanted_jewellery
D:7:      minmay_temple_entry_offerings
D:8:      blue_anna_alchemist, st_stairs_9
D:9:      david_lair_shrubbed
D:10:     uniq_nergalle, uniq_erica
D:11:     orc_0_dummy
D:12:     minmay_the_grid_square_5x5_4x4_mashed, special_room,
          portal_ice_cave_entry_ice_beasts
Temple:   compressed_dpeg_circular_temple
Lair:1:   wad_woods_stonehenge
Lair:2:   spider_nest_entry_funnel_web, chequers_serial_rivers_micro_a,
          grunt_megastairs_5
Lair:3:   minmay_swamp_entry_swarm, gammafunk_ghost_ooze,
          nicolae_lair_grove_arrangements, st_stairs_8, minivault_27,
          serial_bayou_pond_c
Lair:5:   slime_altar_2
Lair:6:   evilmike_catoblepas_cave
Orc:1:    serial_shops, shop, uniq_josephine
Orc:2:    grunt_orc_tribal_feast, uniq_saint_roka

Skill      XL: |  1  2  3  4  5  6  7  8  9 10 11 12 13 14 |
---------------+-------------------------------------------+-----
Armour         | 1 2 3 4 5 |  5.0
Unarmed Combat | 4 5 6 7 9 10 11 13 14 15 | 15.1
Fighting       | 3 4 5 6 7 8 9 10 | 10.0
Dodging        | 3 4 5 6 7 8 9 10 | 10.0
Maces & Flails | 2 3 4 5 6 8 10 | 10.8
Invocations    | 2 4 5 |  5.2
Throwing       | 4 |  4.0
Stealth        | |  1.0

Action                   |  1- 3 |  4- 6 |  7- 9 | 10-12 | 13-15 || total
-------------------------+-------+-------+-------+-------+-------++-------
Melee: Unarmed           |    68 |   143 |   373 |   605 |   907 ||  2096
       Punch             |     2 |     3 |     9 |    40 |    70 ||   124
       Dire flail        |       |    12 |       |       |       ||    12
       Morningstar       |       |       |       |    24 |     5 ||    29
Invok: Summon Divine War |       |       |       |       |     1 ||     1
  Use: Scroll            |       |       |    16 |    14 |     3 ||    33
       Potion            |       |       |       |     9 |     2 ||    11
 Stab: Sleeping          |     2 |     4 |     5 |       |       ||    11
  Eat: Chunk             |    14 |    17 |    32 |    55 |    79 ||   197
       Ration            |       |       |       |     2 |     2 ||     4
Armor: Robe              |    13 |    46 |   148 |   242 |   170 ||   619
       Skin              |       |       |       |     8 |       ||     8
Dodge: Dodged            |    29 |    76 |   242 |   588 |   941 ||  1876
Block: Shield            |       |       |       |       |    12 ||    12

Table legend:
 A = Non-vault XP
 B = Vault XP
 C = Vault XP percentage of total XP
 D = Non-vault monster count
 E = Vault monster count
 F = Vault count percentage of total count
                 A         B        C        D         E       F
            +---------+---------+-------+---------+---------+-------
      Total |   62191 |   35690 |  36.5 |     514 |     156 |  23.3
            +---------+---------+-------+---------+---------+-------
        D:1 |      25 |       0 |   0.0 |      13 |       0 |   0.0
        D:2 |     120 |      35 |  22.6 |      18 |       1 |   5.3
        D:3 |     150 |      73 |  32.7 |      22 |       2 |   8.3
        D:4 |     290 |     133 |  31.4 |      20 |       2 |   9.1
        D:5 |     406 |    1353 |  76.9 |      18 |      13 |  41.9
        D:6 |     467 |       0 |   0.0 |      11 |       0 |   0.0
        D:7 |    1534 |       0 |   0.0 |      32 |       0 |   0.0
        D:8 |    1545 |     188 |  10.8 |      24 |       2 |   7.7
        D:9 |    2374 |       0 |   0.0 |      25 |       0 |   0.0
       D:10 |    3798 |    1772 |  31.8 |      31 |       2 |   6.1
       D:11 |    6443 |    2309 |  26.4 |      42 |       7 |  14.3
       D:12 |    6119 |   12607 |  67.3 |      49 |      63 |  56.2
     Lair:1 |    6861 |    1436 |  17.3 |      32 |       6 |  15.8
     Lair:2 |    3338 |    1013 |  23.3 |      12 |       5 |  29.4
     Lair:3 |    3079 |     711 |  18.8 |      17 |       4 |  19.0
     Lair:4 |    4523 |       0 |   0.0 |      19 |       0 |   0.0
     Lair:5 |    5560 |       0 |   0.0 |      16 |       0 |   0.0
     Lair:6 |    9512 |   10229 |  51.8 |      44 |      23 |  34.3
      Orc:1 |    2198 |     742 |  25.2 |      31 |       5 |  13.9
      Orc:2 |    3849 |    3089 |  44.5 |      38 |      21 |  35.6
            +---------+---------+-------+---------+---------+-------
